 Dungeon Crawl Stone Soup version 0.30-a0-571-gdf30a72648 (webtiles) character file.

Game seed: 9187642466810638419

35 ryw the Grave Robber (level 3, 0/26 HPs)
             Began as a Hill Orc Necromancer on Dec 30, 2022.
             Succumbed to an adder's poison
             ... on level 1 of the Dungeon.
             The game lasted 00:03:35 (1344 turns).

ryw the Grave Robber (Hill Orc Necromancer)         Turns: 1344, Time: 00:03:35

Health: 0/26       AC:  2    Str:  7 (10) XL:     3   Next: 35%
Magic:  6/6        EV: 12    Int: 15 (17) God:
Gold:   108        SH:  0    Dex: 10 (11) Spells: 5/6 levels left

rFire   . . .      SeeInvis .    h - +0 dagger
rCold   . . .      Faith    .    (no shield)
rNeg    . . .      Spirit   .    a - +0 robe
rPois   .          Reflect  .    (no helmet)
rElec   .          Harm     .    (no cloak)
rCorr   .          Rampage  .    (no gloves)
Will    .....                    (no boots)
Stlth   ++                       (no amulet)
HPRegen 0.24/turn                (no ring)
MPRegen 0.10/turn                (no ring)

@: mighty, brilliant, lethally poisoned (0 -> -3), flying, hasted, very quick
A: no striking features
a: no special abilities


You were on level 1 of the Dungeon.
You visited 1 branch of the dungeon, and saw 2 of its levels.

You collected 108 gold pieces.

Inventory:

Hand Weapons
 h - a +0 dagger (weapon)
Armour
 a - a +0 robe (worn)
 l - a +0 ring mail
Jewellery
 e - a ring of ice
Scrolls
 c - 2 scrolls of magic mapping {unknown}
 d - a scroll of poison {unknown}


   Skills:
 + Level 0.1 Fighting
 + Level 0.1 Armour
 - Level 1.7 Dodging
 - Level 1.7 Stealth
 + Level 2.0 Spellcasting
 * Level 4.6 Necromancy


You had 5 spell levels left.
You knew the following spells:

 Your Spells              Type           Power      Damage    Failure   Level
a - Necrotise             Necr           92%        1d8       3%          1

Your spell library contained the following spells:

 Spells                   Type           Power      Damage    Failure   Level
 Vampiric Draining        Necr           23%        2d7       10%         3
 Cigotuvi's Dreadful Rot  Necr/Pois/Air  18%        N/A       19%         2
 Slow                     Hex            8%         N/A       22%         1
 Blink                    Tloc           4%         N/A       32%         2
 Momentum Strike          Conj/Tloc      4%         3d8       32%         2
 Poisonous Vapours        Pois/Air       4%         N/A       32%         2
 Animate Dead             Necr           23%        N/A       32%         4
 Confusing Touch          Hex            2%         N/A       54%         3
 Lesser Beckoning         Tloc           4%         N/A       54%         3
 Mephitic Cloud           Conj/Pois/Air  2%         N/A       54%         3
 Agony                    Necr           23%        N/A       67%         5


Dungeon Overview and Level Annotations

Branches:
Dungeon (2/15)

Altars:


Message History

The jackal is severely wounded.
The jackal barely misses you. The jackal bites you.
You hit the jackal but do no damage.
The jackal is severely wounded.
The jackal bites you but does no damage.
Casting: Necrotise (safe; 3% risk of failure)
Confirm with . or Enter, or press ? or * to list all spells.
Aiming: Necrotise (safe; 3% risk of failure)
Press: ? - help, Shift-Dir - straight line, f/p - jackal
Aim: a jackal (severely wounded, chance to affect: 87%)
The jackal writhes in agony.
The jackal closely misses you. x2
You hit the jackal.
You kill the jackal!
The adder closely misses you.
Okay, then.
Magic courses through your body. The adder bites you.
You are poisoned.
The adder poisons you!
It was a potion of might.
You feel very mighty all of a sudden.
* * * LOW HITPOINT WARNING * * *
You feel sick. The adder bites you but does no damage.
Unknown command.
Unknown command.
It was a potion of flight.
You feel very buoyant.
You fly up into the air.
You feel sick. The adder bites you but does no damage. The adder bites you.
* * * LOW HITPOINT WARNING * * *
It was a potion of haste.
You feel yourself speed up.
* * * LOW HITPOINT WARNING * * *
You feel sick. The adder barely misses you.
It was a potion of brilliance.
You feel clever all of a sudden.
* * * LOW HITPOINT WARNING * * *
You feel sick. The adder bites you but does no damage.
It was a potion of degeneration.
There was something very wrong with that liquid.
You feel weakened.
You feel dopey.
You feel clumsy.
You die...

.###########.#..............#
.............#.##.#########.#
######'#######.##.# #.# .#
#.#...###.##.# #.#
.#####'#.#..##.#..# #.#
.........##..#.#.## #.#
.###########.....# #.# .#
#...# ##....# #[# .# #...#
#..#@# #.# ## #...# ##.#S#
#.# ####...#######..># #.#
...............#.# #.#
####...#########.# #.# #...#
#.# #.##### #>..# #.# #......
#...# #.# ######. ##### #.#
#.


You could see an adder.

Vanquished Creatures
  A dart slug (D:1)
  2 bats
  An endoplasm (D:1)
  A giant cockroach (D:1)
  2 goblins (D:1)
  4 hobgoblins (D:1)
  2 jackals
  2 kobolds (D:1)
  A quokka (D:1)
  2 ball pythons (D:1)
  7 frilled lizards (D:1)
  4 rats (D:1)
  A spectral goblin (D:1)
30 creatures vanquished.

Vanquished Creatures (collateral kills)
  5 frilled lizards (D:1)
5 creatures vanquished.

Vanquished Creatures (others)
  6 plants (D:1)
6 creatures vanquished.

Grand Total: 41 creatures vanquished

Notes
Turn   | Place    | Note
-------+----------+-------------------------------------------
     0 | D:1      | ryw the Hill Orc Necromancer began the quest for the Orb.
     0 | D:1      | Reached XP level 1. HP: 14/14 MP: 3/3
   366 | D:1      | Reached XP level 2. HP: 20/20 MP: 2/4
   720 | D:1      | Reached XP level 3. HP: 23/26 MP: 1/5
   768 | D:1      | Found a faded altar of an unknown god.
  1342 | D:1      | HP: 1/26 [poisoned by an adder]
  1344 | D:1      | Succumbed to an adder's poison

Illustrated notes

Levels and vault maps discovered:
D:1:      matt_arrival_los_fun, layout_basic,
          dreamdust_ecumenical_altar_drowned_temple, minmay_lizard_king
D:2:      layout_rooms, chequers_decorated_corner,
          chequers_serial_rivers_room_a, uniq_crazy_yiuf_cottage, uniq_robin

Skill      XL: |  1  2  3 |
---------------+----------+-----
Spellcasting   | 2 |  2.0
Fighting       | |  0.1
Armour         | |  0.1
Dodging        | |  1.7
Stealth        | |  1.7
Necromancy     | |  4.6

Action                   || total
-------------------------++-------
Melee: Unarmed           ||     4
       Dagger            ||    20
       Punch             ||     1
 Cast: Necrotise         ||    55
  Use: Potion            ||     6
Armor: Robe              ||    16
Dodge: Dodged            ||    47

Table legend: (Time is in decaauts)
 A = Elapsed time spent in this place.
 B = Non-inter-level travel time spent in this place.
 C = Inter-level travel time spent in this place.
 D = Time resting spent in this place.
 E = Time spent auto-exploring this place.
 F = Levels seen in this place.
 G = Mean time per level.
                   A        B        C        D        E       F      G
               +--------+--------+--------+--------+--------+-----+--------+
         Total |   1351 |   1332 |     19 |     45 |   1041 |   2 |  675.5 |
       Dungeon |   1351 |   1332 |     19 |     45 |   1041 |   2 |  675.5 |
               +--------+--------+--------+--------+--------+-----+--------+

Top non-repeatable levels by time:
     D:1: 1344 daAuts
     D:2: 6 daAuts
